 Dungeon Crawl Stone Soup version bcrawl-1.21.3 (webtiles) character file.

Game seed: 12853947371452774595

22923 funkygono the Destroyer (level 13, -7/72 HPs)
             Began as a Fairy Conjurer on Apr 5, 2020.
             Was an Elder of Sif Muna.
             Mangled by an orc warrior
             ... wielding a +0 battleaxe
              (25 damage)
             ... on level 8 of the Dungeon.
             The game lasted 00:43:04 (16306 turns).

funkygono the Destroyer (Fairy Conjurer)           Turns: 16306, Time: 00:43:05

Health: -7/72      AC: 11    Str:  6    XL:     13   Next: 3%
Magic:  3/32       EV: 18    Int: 25    God:    Sif Muna [****..]
Gold:   1183       SH: 17    Dex: 14    Spells: 3/39 levels left

rFire    x . .     SeeInvis .   c - +4 dagger
rCold    + . .     Gourm    .   E - +0 medium shield
rNeg     . . .     Faith    .   (armour unavailable)
rPois    .         Spirit   .   H - +1 hat
rElec    .         Reflect  .   x - +0 cloak
rCorr    .         Harm     .   F - +0 pair of gloves
MR       +....                  m - +0 pair of boots
Stlth    ++........             (no amulet)
HPRegen  0.22/turn              p - +2 ring of intelligence
MPRegen  0.23/turn              K - ring of ice

@: flying evasively
A: small, magic attunement, unstealthy, unfitting armour, able to fly, AC/SH +7
a: Stop Flying, Divine Energy, Channel Magic, Forget Spell, Renounce Religion


You were on level 8 of the Dungeon.
You worshipped Sif Muna.
Sif Muna was greatly pleased with you.
You were not hungry.

You visited 4 branches of the dungeon, and saw 16 of its levels.

You collected 1183 gold pieces.

Inventory:

Hand Weapons
 c - a +4 dagger (weapon)
 h - a +1 short sword of venom
Missiles
 d - 3091 stones (quivered)
 g - a throwing net {!f}
Armour
 m - a +0 pair of boots (worn)
 t - a +0 helmet
 x - a +0 cloak (worn)
 E - a +0 medium shield (worn)
 F - a +0 pair of gloves (worn)
 H - a +1 hat (worn)
Magical Staves
 y - an uncursed staff of air
 D - an uncursed staff of conjuration
Jewellery
 p - a +2 ring of intelligence (left hand)
 K - a ring of ice (right hand)
Wands
 u - a wand of flame (12)
 I - a wand of paralysis (7)
Scrolls
 n - 5 scrolls of magic mapping
 o - 5 scrolls of remove curse
 z - 3 scrolls of blinking
 C - 3 scrolls of teleportation
 G - a scroll of amnesia
 J - a scroll of identify
Potions
 a - 3 potions of cancellation
 b - 2 potions of magic
 f - a potion of brilliance
 i - 4 potions of heal wounds
 j - 3 potions of might
 k - 3 potions of curing
 l - 2 potions of flight
 q - 2 potions of lignification
 r - 2 potions of mutation
 s - a potion of resistance
 v - 2 potions of haste
 A - a potion of agility
 B - 2 potions of ambrosia
Comestibles
 e - 28 rations {!d}


   Skills:
 + Level 1.0 Fighting
 + Level 7.0 Dodging
 + Level 3.9 Stealth
 + Level 6.3 Shields
 + Level 13.8 Spellcasting
 + Level 14.0 Conjurations
 + Level 6.1 Fire Magic
 + Level 4.4 Ice Magic
 + Level 5.5 Air Magic
 + Level 6.9 Earth Magic
 + Level 5.0 Poison Magic


You had 3 spell levels left.
You knew the following spells:

 Your Spells              Type           Power        Failure   Level  Hunger
a - Magic Dart            Conj           ####         1%          1    None
b - Searing Ray           Conj           ######..     1%          2    None
c - Iskenderun's Mystic   Conj           ######..     1%          3    None
d - Sandblast             Erth           ######       1%          1    None
e - Stone Arrow           Conj/Erth      ######       1%          3    None
f - Shock                 Conj/Air       #####        1%          1    None
g - Lightning Bolt        Conj/Air       ######....   6%          5    None
h - Flame Tongue          Conj/Fire      #####        1%          1    None
i - Throw Icicle          Conj/Ice       #######.     2%          4    None
j - Venom Bolt            Conj/Pois      ######....   7%          5    None
k - Bolt of Magma         Conj/Fire/Erth ######....   9%          5    None
l - Fireball              Conj/Fire      ######....   5%          5    None

Your spell library contained the following spells:

 Spells                   Type           Power        Failure   Level  Hunger
 Freeze                   Ice            ######       1%          1    None
 Throw Frost              Conj/Ice       ######       1%          2    None
 Passwall                 Tmut/Erth      ####....     4%          2    None
 Static Discharge         Air            #####...     4%          3    None
 Swiftness                Chrm/Air       ####....     6%          2    None
 Animate Skeleton         Necr           N/A          13%         1    None
 Corona                   Hex            ###....      13%         1    None
 Pain                     Necr           ###...       13%         1    None
 Ozocubu's Armour         Chrm/Ice       #####...     16%         3    None
 False Image              Hex/Summ       ###.....     36%         3    None
 Regeneration             Chrm/Necr      ###.......   36%         3    None
 Spectral Weapon          Hex/Chrm       ###.....     36%         3    None
 Tukima's Dance           Hex            ###.....     36%         3    None
 Vampiric Draining        Necr           ###.......   36%         3    None
 Fulminant Prism          Conj/Hex       ######....   7%          4    None
 Airstrike                Air            #####.....   13%         4    None
 Bolt of Draining         Conj/Necr      ######....   21%         5    None
 Irradiate                Conj/Tmut      ######....   21%         5    None
 Lee's Rapid Deconstruct  Erth           ######....   21%         5    None
 Iron Shot                Conj/Erth      ######....   26%         6    None
 Petrify                  Tmut/Erth      ####....     30%         4    None
 Summon Ice Beast         Ice/Summ       #####...     45%         4    None
 Animate Dead             Necr           N/A          77%         4    None
 Metabolic Englaciation   Hex/Ice        #####.....   80%         5    None
 Simulacrum               Ice/Necr       #####.....   100%        6    None
 Haunt                    Necr/Summ      ###.......   100%        7    None
 Lehudib's Crystal Spear  Conj/Erth      ######....   100%        8    None
 Necromutation            Tmut/Necr      ###.....     100%        8    None


Dungeon Overview and Level Annotations

Branches:
Dungeon (9/12)             Temple (1/1) D:7            Lair (5/6) D:9
 Shoals (0/3) Lair:2        Snake (0/3) Lair:3          Orc (1/1) D:8
  Slime: Lair:5-6       Elf: Orc:1

Altars:
Ashenzari
Cheibriados
Dithmenos
Elyvilon
Fedhas
Gozag
Hepliaklqana
Kikubaaqudgha
Lugonu
Makhleb
Nemelex Xobeh
Okawaru
Qazlal
Ru
Sif Muna
Trog
Uskayaw
Vehumet
Wu Jian
Xom
Yredelemnul
Zin
The Shining One

Shops:
D:5 [   D:8 *

Annotations:
Orc Harold


Innate Abilities, Weirdness & Mutations

Your spells do not cause hunger and MP costs are reduced by 1.
Your bright wings attract enemies. (Stealth-)
You cannot fit into any form of body armour.
Your shimmering scales are hard and can block incoming attacks. (AC +7, SH +7)
You are small and have problems with some larger weapons.
You can fly continuously.


Message History

Aim: an orc warrior, wielding a +0 battleaxe and wearing a +0 plate armour (moderately wounded)
The magic dart hits the orc warrior but does no damage.
The orc warrior is moderately wounded.
You block the orc warrior's attack.
Casting: Magic Dart (safe; 1% risk of failure)
Confirm with . or Enter, or press ? or * to list all spells.
Aiming: Magic Dart (safe; 1% risk of failure)
Press: ? - help, Shift-Dir - straight line, f/p - orc warrior
Aim: an orc warrior, wielding a +0 battleaxe and wearing a +0 plate armour (moderately wounded)
The magic dart hits the orc warrior but does no damage.
The orc warrior is moderately wounded.
Casting: Magic Dart (safe; 1% risk of failure)
Confirm with . or Enter, or press ? or * to list all spells.
Aiming: Magic Dart (safe; 1% risk of failure)
Press: ? - help, Shift-Dir - straight line, f/p - orc warrior
Aim: an orc warrior, wielding a +0 battleaxe and wearing a +0 plate armour (moderately wounded)
The magic dart hits the orc warrior.
The orc warrior is heavily wounded.
The orc warrior hits you with a +0 battleaxe!!
You die...

..........##########.# #######
..#######.......# #.# #..<... ..#
#.......# #.# #.....# .###
####.......# #.# #......
...###..........# #.# ##.#.##
.......###......# #.# #.#.#.
.......###......## #.# #.#.#.
........##.......###.#######.#.#.
.........#######@#..........(....
......#..#8...8#o#...........#.#.
.#+####.##.....#)###.#########.#.
.#.# #..#..>..'.#...# #.#. .#.#
####.....#.###.# #.#.
.#.#######8...8#.#..##########.#.
.........#######.#.............#.
.#.###..≈≈≈...##.................
.#.###..≈.....##....#<...........


You could see an orc warrior.

Vanquished Creatures
  2 hydras
  A two-headed ogre (D:8)
  Urug (Lair:1)
  A cyclops (D:8)
  A manticore (D:8)
  An ugly thing (D:9)
  A black mamba (Lair:4)
  6 cane toads
  5 komodo dragons
  2 kobold demonologists (D:6)
  2 trolls
  2 polar bears (Lair:4)
  3 blink frogs
  10 hippogriffs
  4 wyverns
  A human (D:9)
  5 basilisks
  6 yaks (Lair:2)
  2 hungry ghosts (D:7)
  2 wargs (D:8)
  3 nagas (Lair:3)
  9 water moccasins
  10 crocodiles
  9 porcupines
  4 sky beasts
  7 orc warriors
  An ice beast (D:9)
  2 phantoms
  A necrophage (D:5)
  2 black bears (D:9)
  3 ogres
  10 wolves
  2 centaurs
  5 bullfrogs
  5 big kobolds (D:8)
  3 gnoll sergeants (D:8)
  3 scorpions
  11 killer bees
  An electric eel (Lair:2)
  A howler monkey (D:6)
  2 crimson imps (D:8)
  5 hounds
  3 jellies (D:9)
  A centaur skeleton (D:8)
  9 orc priests
  13 orc wizards
  Crazy Yiuf (D:3)
  4 iguanas
  9 worker ants
  2 hound skeletons
  3 worker ant zombies
  A howler monkey skeleton (D:9)
  3 adders
  11 gnolls
  3 shadow imps (D:6)
  2 oozes
  5 worms
  2 dart slugs
  2 leopard geckos
  52 orcs
  5 giant cockroaches
  2 goblins
  8 hobgoblins
  13 jackals
  5 kobolds
  2 quokkas
  3 bats
  A frilled lizard (D:2)
  5 rats
  A fungus (Lair:3)
328 creatures vanquished.

Vanquished Creatures (others)
  4 fungi
  3 plants (D:9)
7 creatures vanquished.

Grand Total: 335 creatures vanquished

Notes
Turn   | Place    | Note
-------+----------+-------------------------------------------
     0 | D:1      | funkygono the Fairy Conjurer began the quest for the Orb.
     0 | D:1      | Reached XP level 1. HP: 11/11 MP: 6/6
   116 | D:1      | Reached skill level 5 in Conjurations
   356 | D:1      | Reached XP level 2. HP: 17/17 MP: 7/7
   360 | D:1      | Learned a level 2 spell: Searing Ray
   910 | D:2      | Found a sacrificial altar of Ru.
   948 | D:2      | Reached XP level 3. HP: 21/21 MP: 9/9
  1399 | D:2      | Learned a level 3 spell: Iskenderun's Mystic Blast
  1424 | D:3      | Noticed a bullfrog
  1430 | D:3      | Killed a bullfrog
  1430 | D:3      | Reached skill level 6 in Conjurations
  1430 | D:3      | Reached XP level 4. HP: 18/27 MP: 4/11
  1663 | D:3      | Reached XP level 5. HP: 18/31 MP: 7/12
  1909 | D:3      | Reached skill level 7 in Conjurations
  2204 | D:3      | Found a white marble altar of Elyvilon.
  2207 | D:3      | Found a shadowy altar of Dithmenos.
  2212 | D:3      | Found a burning altar of Makhleb.
  2224 | D:3      | Found a corrupted altar of Lugonu.
  2295 | D:3      | Found a runed door.
  2299 | D:3      | Noticed Crazy Yiuf
  2302 | D:3      | Killed Crazy Yiuf
  2302 | D:3      | Reached XP level 6. HP: 36/36 MP: 11/14
  2400 | D:3      | Found a white marble altar of Elyvilon.
  2697 | D:4      | Reached skill level 5 in Spellcasting
  2862 | D:4      | Reached skill level 8 in Conjurations
  2964 | D:4      | Reached XP level 7. HP: 29/41 MP: 13/17
  3287 | D:4      | Found a sparkling altar of Nemelex Xobeh.
  3767 | D:5      | Entered Level 5 of the Dungeon
  3797 | D:5      | Reached skill level 9 in Conjurations
  3841 | D:5      | Reached XP level 8. HP: 46/46 MP: 14/20
  3939 | D:5      | Noticed a moth of wrath
  3942 | D:5      | Found a bloodstained altar of Trog.
  4014 | D:5      | Found a radiant altar of Vehumet.
  4218 | D:5      | Found Cycufabb's Armour Shop.
  4757 | D:6      | Found a transporter.
  4761 | D:6      | Noticed a kobold demonologist
  4764 | D:6      | Noticed a kobold demonologist
  4770 | D:6      | Found a transporter.
  5057 | D:6      | Found a hazy altar of Hepliaklqana.
  5215 | D:6      | Reached skill level 10 in Conjurations
  5288 | D:6      | Reached skill level 5 in Dodging
  5288 | D:6      | Reached skill level 1 in Shields
  5409 | D:6      | Reached XP level 9. HP: 52/52 MP: 18/23
  5603 | D:6      | Learned a level 1 spell: Sandblast
  5607 | D:6      | Learned a level 3 spell: Stone Arrow
  5636 | D:7      | Found a shattered altar of Ashenzari.
  5668 | D:7      | Reached skill level 1 in Earth Magic
  5823 | D:7      | Found a shimmering altar of Xom.
  6085 | D:7      | Found an ornate altar of the Wu Jian Council.
  6330 | D:7      | Found an iron altar of Okawaru.
  6427 | D:7      | Reached skill level 10 in Spellcasting
  6501 | D:7      | Found a staircase to the Ecumenical Temple.
  6514 | D:7      | Learned a level 1 spell: Shock
  6520 | D:7      | Learned a level 5 spell: Lightning Bolt
  6522 | Temple   | Entered the Ecumenical Temple
  6535 | Temple   | Became a worshipper of Sif Muna the Loreminder
  6613 | D:7      | Reached skill level 11 in Conjurations
  6755 | D:7      | Reached skill level 1 in Air Magic
  7004 | D:8      | Reached XP level 10. HP: 57/57 MP: 19/26
  7014 | D:8      | Reached * piety under Sif Muna
  7014 | D:8      | Identified Sif Muna's Guide on Destructive Black Magic (Sif
                  | Muna gifted it to you on level 8 of the Dungeon)
  7014 | D:8      | Received a gift from Sif Muna
  7020 | D:8      | Learned a level 1 spell: Flame Tongue
  7023 | D:8      | Noticed a two-headed ogre
  7025 | D:8      | Learned a level 4 spell: Throw Icicle
  7032 | D:8      | Killed a two-headed ogre
  7032 | D:8      | Reached skill level 1 in Fire Magic
  7032 | D:8      | Reached skill level 5 in Earth Magic
  7158 | D:8      | Found Billeaq's General Store.
  7184 | D:8      | Noticed a cyclops
  7196 | D:8      | Killed a cyclops
  7490 | D:8      | Noticed a manticore
  7506 | D:8      | Killed a manticore
  7701 | D:8      | Found a staircase to the Orcish Mines.
  7746 | D:8      | Reached skill level 1 in Ice Magic
  7748 | D:8      | Reached ** piety under Sif Muna
  8185 | D:8      | Found an ancient bone altar of Kikubaaqudgha.
  8371 | D:8      | Learned a level 5 spell: Venom Bolt
  8405 | D:9      | Reached XP level 11. HP: 62/62 MP: 24/28
  8488 | D:9      | Identified Sif Muna's Collected Works on Scorching
                  | Enchantment (Sif Muna gifted it to you on level 9 of the
                  | Dungeon)
  8488 | D:9      | Received a gift from Sif Muna
  8500 | D:9      | Learned a level 5 spell: Bolt of Magma
  8545 | D:9      | Found a staircase to the Lair.
  8559 | D:9      | Reached skill level 1 in Poison Magic
  8927 | D:9      | Reached skill level 5 in Air Magic
  9206 | D:9      | Reached skill level 5 in Fire Magic
  9565 | D:9      | Noticed a white ugly thing
  9572 | D:9      | Killed a white ugly thing
  9576 | D:9      | Reached skill level 12 in Conjurations
  9643 | D:9      | Found a hide-covered altar of Uskayaw.
 10745 | Lair:1   | Entered Level 1 of the Lair of Beasts
 11283 | Lair:1   | Reached skill level 5 in Shields
 11548 | Lair:1   | Noticed Urug
 11590 | Lair:1   | Killed Urug
 11922 | Lair:2   | Identified Sif Muna's Papyrus of Doomed Clay (Sif Muna
                  | gifted it to you on level 2 of the Lair of Beasts)
 11922 | Lair:2   | Received a gift from Sif Muna
 11926 | Lair:2   | Reached *** piety under Sif Muna
 12101 | Lair:2   | Reached XP level 12. HP: 67/67 MP: 25/30
 12104 | Lair:2   | Reached skill level 5 in Poison Magic
 12794 | Lair:2   | Reached skill level 13 in Conjurations
 12835 | Lair:2   | Found a staircase to the Shoals.
 13295 | Lair:2   | Learned a level 5 spell: Fireball
 13347 | Lair:3   | Noticed a six-headed hydra
 13361 | Lair:3   | Killed a six-headed hydra
 13635 | Lair:3   | Found a staircase to the Snake Pit.
 14803 | Lair:4   | Identified Sif Muna's Catalogue of Captivating Clay (Sif
                  | Muna gifted it to you on level 4 of the Lair of Beasts)
 14803 | Lair:4   | Received a gift from Sif Muna
 14898 | Lair:4   | Reached **** piety under Sif Muna
 15389 | Lair:4   | Noticed an eight-headed hydra
 15395 | Lair:4   | Killed an eight-headed hydra
 15899 | Lair:5   | Reached skill level 1 in Fighting
 15912 | Lair:4   | Reached XP level 13. HP: 31/72 MP: 11/32
 16274 | Orc      | Entered the Orcish Mines
 16274 | Orc      | Noticed Harold
 16277 | Orc      | Reached skill level 14 in Conjurations
 16306 | D:8      | Mangled by an orc warrior

Skill      XL: |  1  2  3  4  5  6  7  8  9 10 11 12 13 |
---------------+----------------------------------------+-----
Conjurations   | 5 6 7 8 9 10 11 12 13 14 | 14.0
Spellcasting   | 3 4 5 6 8 10 11 12 13 | 13.8
Dodging        | 3 5 6 7 |  7.0
Stealth        | 2 3 |  3.9
Shields        | 1 2 3 5 6 |  6.3
Earth Magic    | 4 6 |  6.9
Air Magic      | 1 4 5 |  5.5
Fire Magic     | 4 5 6 |  6.1
Ice Magic      | 1 2 4 |  4.4
Poison Magic   | 4 5 |  5.0
Fighting       | 1 |  1.0

Action                   |  1- 3 |  4- 6 |  7- 9 | 10-12 | 13-15 || total
-------------------------+-------+-------+-------+-------+-------++-------
Melee: Dagger            |       |       |     1 |     6 |       ||     7
 Cast: Magic Dart        |    39 |    52 |   103 |   187 |    12 ||   393
       Searing Ray       |     5 |    13 |    19 |    57 |     2 ||    96
       Iskenderun's Myst |     1 |    10 |    49 |    23 |       ||    83
       Stone Arrow       |       |       |    19 |       |       ||    19
       Shock             |       |       |     2 |     1 |       ||     3
       Throw Icicle      |       |       |       |    58 |       ||    58
       Flame Tongue      |       |       |       |    14 |       ||    14
       Bolt of Magma     |       |       |       |    25 |     3 ||    28
       Venom Bolt        |       |       |       |     3 |       ||     3
       Fireball          |       |       |       |    13 |     4 ||    17
       Lightning Bolt    |       |       |       |     4 |       ||     4
  Use: Scroll            |     7 |     4 |     7 |     6 |       ||    24
       Potion            |       |       |       |     1 |       ||     1
  Eat: Chunk             |     1 |     5 |     7 |    10 |       ||    23
       Ration            |       |       |     2 |     5 |       ||     7
Armor: Skin              |       |     3 |    12 |    26 |     4 ||    45
Dodge: Dodged            |     4 |    11 |    23 |   113 |     7 ||   158
Block: Other             |     2 |     6 |     3 |       |       ||    11
       Medium shield     |       |       |    21 |   188 |    25 ||   234
